[Event "Late-Titled-Tuesday-Blitz-September-12-2023"]
[Site "Chess.com"]
[Date "2023.09.12"]
[Round "3"]
[White "falzehope0"]
[Black "trriinu"]
[Result "1-0"]
[WhiteElo "2397"]
[BlackElo "2210"]
[TimeControl "180+1"]
[EndTime "14:25:56 PDT"]
[Termination "falzehope0 won by checkmate"]

1. d4 g6 2. e3 Bg7 3. Bd3 Nf6 4. f4 O-O 5. Nf3 d6 6. O-O Nbd7 7. f5 c5 8. Qe1 e5 9. fxe6 fxe6 10. Ng5 Nb6 11. c3 c4 12. Bc2 e5 13. Nd2 Bd7 14. Qh4 Nh5 15. Rxf8+ Bxf8 16. g4 Nf6 17. Nde4 h6 18. Nxf6+ Qxf6 19. e4 Be7 20. Qxh6 Qg7 21. Qh4 exd4 22.
Bd2 d3 23. Bd1 Rf8 24. b3 d5 25. exd5 Nxd5 26. bxc4 Nxc3 27. Bxc3 Bc5+ 28. Kg2 Bc6+ 29. Kh3 Qe7 30. Qh8# 1-0

[Event "Late-Titled-Tuesday-Blitz-September-12-2023"]
[Site "Chess.com"]
[Date "2023.09.12"]
[Round "3"]
[White "AndreiITrifan"]
[Black "salomez"]
[Result "1-0"]
[WhiteElo "2649"]
[BlackElo "2301"]
[TimeControl "180+1"]
[EndTime "14:25:58 PDT"]
[Termination "AndreiITrifan won on time"]

1. Nf3 Nf6 2. e3 g6 3. b3 Bg7 4. Bb2 d6 5. d4 Kf8 6. Be2 Kg8 7. c4 h6 8. Nc3 Kh7 9. Qc2 Re8 10. h4 Bg4 11.
O-O-O Nbd7 12. h5 Nf8 13. hxg6+ fxg6 14. Rh4 Qc8 15. Nd5 Nxd5 16. Ng5+ Kg8 17. Bxg4 Nb4 18.
Bxc8 Nxc2 19. Be6+ Kh8 20. Kxc2 Bf6 21. d5 Kg7 22.
Nf3 1-0

[Event "Late-Titled-Tuesday-Blitz-September-12-2023"]
[Site "Chess.com"]
[Date "2023.09.12"]
[Round "3"]
[White "atigerman"]
[Black "infinitegiantkiller"]
[Result "1-0"]
[WhiteElo "2705"]
[BlackElo "2469"]
[TimeControl "180+1"]
[EndTime "14:26:00 PDT"]
[Termination "atigerman won by resignation"]

1. e4 c5 2. Nc3 Nc6 3. Bb5 g6 4.
Nf3 Bg7 5. O-O d6 6. h3 Nf6 7. Re1 O-O 8. d3 e5 9. Bg5 Be6 10. Bxc6 bxc6 11. Qd2 Rb8 12. b3 Qc7 13. Bh6 Nh5 14.
Bxg7 Kxg7 15. Ne2 f5 16. Ng5 Qe7 17. exf5 gxf5 18. f4 h6 19. Nxe6+ Qxe6 20. fxe5 Qxe5 21. d4 cxd4 22. Nxd4 Qc5 23. Kh2 Rbe8 24. Ne6+ Rxe6 25. Rxe6 Rf6 26. Rae1 Rg6 27. Re7+ Kf8 28. Re8+ Kf7 29. R1e7+ Kf6 30. b4 Qd5 31. Qc3+ Kg5 32. g3 Qf3 33. Qxf3 1-0

[Event "Late-Titled-Tuesday-Blitz-September-12-2023"]
[Site "Chess.com"]
[Date "2023.09.12"]
[Round "3"]
[White "Quattroporte300"]
[Black "VitorBronson"]
[Result "0-1"]
[WhiteElo "2392"]
[BlackElo "2567"]
[TimeControl "180+1"]
[EndTime "14:26:00 PDT"]
[Termination "VitorBronson won by resignation"]

1. e4 c5 2. Nf3 d6 3. d4 cxd4 4. Nxd4 Nf6 5. Nc3 a6 6. h3 e5 7.
Nde2 Be7 8. Bg5 Be6 9. Bxf6 Bxf6 10. Nd5 Bg5 11. g3 Nd7 12. Nec3 O-O 13. Bg2 Rc8 14. h4 Bh6 15. O-O g6 16. Qe2 f5 17. Rad1 f4 18.
Kh2 g5 19. Qh5 Kg7 20. hxg5 Qxg5 21. Qxg5+ Bxg5 22. Bh3 Bxh3 23. Kxh3 b5 24. Nb4 a5 25.
Rxd6 Nf6 26. Nbd5 b4 27. Nxf6 Bxf6 28. Nd5 Rxc2 29. gxf4 exf4 30. Nxf4 Be5 31. Rg1+ Kh8 32. Ne6 Bxd6 33. Nxf8 Bxf8 34. f4 Rxb2 35. e5 Rxa2 36. f5 Re2 37. e6 Be7 38. Rc1 Kg7 0-1

[Event "Late-Titled-Tuesday-Blitz-September-12-2023"]
[Site "Chess.com"]
[Date "2023.09.12"]
[Round "3"]
[White "APOKALIPSA13"]
[Black "CrushingKings"]
[Result "0-1"]
[WhiteElo "2262"]
[BlackElo "2523"]
[TimeControl "180+1"]
[EndTime "14:26:00 PDT"]
[Termination "CrushingKings won by checkmate"]

1. e4 g6 2. h4 Bg7 3. h5 c5 4. c3 Nc6 5. Bc4 e6 6. Qe2 Nge7 7. h6 Bf6 8. f4 d5 9. exd5 exd5 10. Bb5 O-O 11.
Nf3 Nf5 12. Bxc6 Ng3 13. Qd3 bxc6 14. Rg1 Re8+ 15. Kd1 c4 16. Qc2 Bf5 17. Qa4 Ne2 18. Re1 Nxf4 19. Qxc6 Be4 20. d4 Nxg2 21. Ne5 Nxe1 22. Kxe1 Bxe5 23. dxe5 Qh4+ 24. Kd1 Bf3+ 25. Kc2 Qe4+ 26. Kd2 Qe2# 0-1

[Event "Late-Titled-Tuesday-Blitz-September-12-2023"]
[Site "Chess.com"]
[Date "2023.09.12"]
[Round "3"]
[White "andrzej"]
[Black "expii"]
[Result "1-0"]
[WhiteElo "2416"]
[BlackElo "2251"]
[TimeControl "180+1"]
[EndTime "14:26:00 PDT"]
[Termination "andrzej won by resignation"]

1. e4 c5 2. Nf3 d6 3. d4 cxd4 4. Nxd4 Nf6 5. Nc3 g6 6. Be3 Bg7 7. f3 O-O 8. Qd2 Nc6 9. O-O-O d5 10. exd5 Nxd5 11. Nxc6 bxc6 12. Bd4 Bxd4 13. Qxd4 Qb6 14. Na4 Qc7 15. g3 Bf5 16. Bd3 Bxd3 17. Rxd3 Rfd8 18.
Rhd1 Rd6 19. Nc5 Nf6 20. Qf2 Rad8 21. Qe2 Rxd3 22. Rxd3 Rxd3 23. Qxd3 Nd5 24. a3 Qb6 25. Qd4 e5 26. Qc4 Kg7 27. f4 exf4 28. gxf4 Qc7 29.
Qd4+ Kg8 30. Nd3 Qd6 31. c4 1-0

[Event "Late-Titled-Tuesday-Blitz-September-12-2023"]
[Site "Chess.com"]
[Date "2023.09.12"]
[Round "3"]
[White "platy3"]
[Black "WindWhistler11"]
[Result "1-0"]
[WhiteElo "2885"]
[BlackElo "2487"]
[TimeControl "180+1"]
[EndTime "14:26:02 PDT"]
[Termination "platy3 won by resignation"]

1. e4 e6 2. d3 d5 3. Nd2 Nf6 4. Ngf3 c5 5. g3 g6 6. Bg2 Bg7 7. O-O Nc6 8. c3 O-O 9. Re1 b6 10. a3 a5 11. e5 Nd7 12. d4 a4 13. h4 h6 14. Nf1 b5 15. N1h2 cxd4 16. cxd4 f5 17.
exf6 Nxf6 18. Bf4 Ne4 19. Rc1 Qb6 20. Be3 Ne7 21. Ne5 Kh7 22. h5 g5 23. Qd3 Nf5 24.
Rc6 Qd8 25. Rec1 Bb7 26. Rc7 Rc8 27. Rxb7 Rxc1+ 28. Bxc1 Qc8 29. Rxg7+ Kxg7 30. Bd2 Nxf2 31. Kxf2 Nxd4+ 32. Nhf3 Nf5 33. g4 Nd6 34. Qg6+ Kh8 35.
Qxh6+ Kg8 36. Qxg5+ Kh8 37. Ng6+ Kh7 38. Nxf8+ Qxf8 39.
Qg6+ Kh8 40. Bc3+ 1-0

[Event "Late-Titled-Tuesday-Blitz-September-12-2023"]
[Site "Chess.com"]
[Date "2023.09.12"]
[Round "3"]
[White "Harald_Schmidt"]
[Black "schack_vit"]
[Result "1-0"]
[WhiteElo "2277"]
[BlackElo "2456"]
[TimeControl "180+1"]
[EndTime "14:26:02 PDT"]
[Termination "Harald_Schmidt won by resignation"]

1. e4 c5 2. Nf3 d6 3. c3 Nf6 4. h3 e5 5. d4 exd4 6. cxd4 Nxe4 7.
Bd3 Nf6 8. O-O Be7 9. Nc3 O-O 10. Re1 cxd4 11. Nxd4 Nc6 12. Nf5 Bxf5 13. Bxf5 d5 14. Bg5 d4 15. Ne2 h6 16. Bf4 Bb4 17. Rf1 Qd5 18.
Bd3 Rad8 19. a3 Bd6 20. Bd2 Bb8 21. Nf4 Qd6 22. g3 Rfe8 23. Qb3 Ne5 24. Qxb7 Rd7 25. Qg2 Nxd3 26. Nxd3 Rde7 27. Bb4 Qa6 28. Bxe7 Rxe7 29. Rad1 Ne4 30. Qf3 Ng5 31. Qg2 Qc8 32. h4 Ne6 33. Rc1 Qa6 34. Rfd1 Kh7 35. Qe4+ g6 36. Nc5 Qd6 37. Nxe6 Rxe6 38. Qb7 Rf6 39. Rc8 d3 40. Qxb8 Qd4 41. Rh8+ 1-0

[Event "Late-Titled-Tuesday-Blitz-September-12-2023"]
[Site "Chess.com"]
[Date "2023.09.12"]
[Round "3"]
[White "carloseduar100"]
[Black "szachmistrz2500"]
[Result "0-1"]
[WhiteElo "2274"]
[BlackElo "2448"]
[TimeControl "180+1"]
[EndTime "14:26:05 PDT"]
[Termination "szachmistrz2500 won by resignation"]

1. d4 c5 2. d5 e5 3. dxe6 fxe6 4. Nf3 Nc6 5. e4 Nf6 6. Bg5 Be7 7. Nc3 O-O 8. Qd2 d5 9. exd5 exd5 10. Bxf6 Bxf6 11. Nxd5 Bxb2 12. Rb1 Re8+ 13. Be2 Nd4 14. Nxd4 Bxd4 15. c4 Bg4 16. f3 Bf5 17. Rxb7 Qh4+ 18. g3 Qh3 19.
Ne7+ Kh8 20. Nxf5 Qxf5 21. Kd1 Rab8 22. Rb3 Qe5 23. Rf1 Red8 24. Kc2 Be3 25. Rxb8 Rxb8 26. Qc3 Bd4 27. Qd3 Rb2+ 28. Kd1 Rxa2 29. f4 Qe8 30. Re1 Qa4+ 31. Kc1 Ra1+ 32. Kd2 Qb4+ 0-1

[Event "Late-Titled-Tuesday-Blitz-September-12-2023"]
[Site "Chess.com"]
[Date "2023.09.12"]
[Round "3"]
[White "queen_iryna"]
[Black "antispeciesism"]
[Result "1-0"]
[WhiteElo "2352"]
[BlackElo "2053"]
[TimeControl "180+1"]
[EndTime "14:26:05 PDT"]
[Termination "queen_iryna won on time"]

1. e4 c5 2. Nf3 e6 3. c4 g6 4. Nc3 Bg7 5. d4 cxd4 6. Nxd4 a6 7.
Be3 Nc6 8. Be2 Nf6 9. O-O O-O 10.
Qd2 Qc7 11. Rfc1 Ne5 12. f3 d6 13. a4 b6 14. a5 bxa5 15. Nb3 Nxc4 16. Bxc4 Qxc4 17.
Nxa5 Qb4 18. Nc6 Qb7 19. Na4 Bd7 20. Qxd6 Bxc6 21. Qxc6 Rab8 22. Nb6 Rfd8 23. Qxb7 Rxb7 24. Rxa6 Nd7 25. Nxd7 Rbxd7 26. b4 h5 27. b5 Rb7 28. b6 Rd3 29. Bf2 Bd4 30. Bxd4 Rxd4 31. Rc7 Rb8 32. b7 Rdd8 33. Rac6 Kf8 34. Rc8 Ke8 35. R6c7 1-0

[Event "Late-Titled-Tuesday-Blitz-September-12-2023"]
[Site "Chess.com"]
[Date "2023.09.12"]
[Round "3"]
[White "GAO"]
[Black "TERMINATOR_PC"]
[Result "1/2-1/2"]
[WhiteElo "2340"]
[BlackElo "2534"]
[TimeControl "180+1"]
[EndTime "14:26:06 PDT"]
[Termination "Game drawn by agreement"]

1. Nf3 Nf6 2. d4 e6 3. c4 Bb4+ 4. Bd2 a5 5. g3 d6 6. Bg2 Nbd7 7. O-O e5 8. e3 Bxd2 9. Nfxd2 O-O 10. Nc3 exd4 11. exd4 c6 12. Nde4 Nxe4 13. Nxe4 Nf6 14.
Re1 Bf5 15. Nxf6+ Qxf6 16. Qd2 Bg6 17. Re2 Rfe8 18. Rae1 Rxe2 19. Rxe2 h6 20. h3 Kh7 21. Qf4 Qxf4 22. gxf4 Bd3 23. Be4+ Bxe4 24. Rxe4 Kg6 25. Re7 b5 26. Rd7 bxc4 27. Rxd6+ Kf5 28. Rxc6 Rb8 29. Rxc4 Rxb2 30. Rc5+ Kxf4 31. Rxa5 Rd2 32. Ra7 f5 33. Kg2 g5 34. Ra4 Ke4 35. a3 h5 36.
Ra5 Rxd4 37. Ra8 Kf4 38. a4 Rd2 39. a5 Ra2 40. a6 g4 41. hxg4 hxg4 42. a7 g3 43. Rg8 Rxa7 44. Rxg3 Ke4 45. Rb3 Rg7+ 46. Kf1 Kf4 47. Ke2 Rd7 48. Rb4+ Ke5 49. Rb5+ Kf6 50. Rb6+ Kg5 51. Rb4 Re7+ 52. Kf1 1/2-1/2

[Event "Late-Titled-Tuesday-Blitz-September-12-2023"]
[Site "Chess.com"]
[Date "2023.09.12"]
[Round "3"]
[White "laiciffOneslraCsungaM"]
[Black "Joshukid"]
[Result "0-1"]
[WhiteElo "2336"]
[BlackElo "2542"]
[TimeControl "180+1"]
[EndTime "14:26:07 PDT"]
[Termination "Joshukid won by resignation"]

1. d4 e6 2. Bf4 c5 3. e3 d5 4. Nf3 Nf6 5. Nbd2 Be7 6. c3 Nc6 7. Ne5 O-O 8. Bd3 g6 9. O-O Nxe5 10.
dxe5 Nh5 11. Bg3 Nxg3 12. hxg3 Bg5 13. f4 Bh6 14. g4 Bg7 15. g5 c4 16. Bc2 Qb6 17.
Qe2 Qxb2 18. Rfc1 Qa3 19. Nf3 Bd7 20. Nh2 h5 21. gxh6 Bxh6 22. g4 g5 23. f5 Qxc3 24. Nf3 Qa3 25. f6 Rfc8 26. Re1 Qf8 27. Qh2 c3 28.
Nxg5 Rc4 29. e4 Qc5+ 30. Kh1 Bxg5 31. exd5 Qxd5+ 32. Kg1 Qd4+ 33. Kh1 Bc6+ 0-1

[Event "Late-Titled-Tuesday-Blitz-September-12-2023"]
[Site "Chess.com"]
[Date "2023.09.12"]
[Round "3"]
[White "YellowJacek"]
[Black "kleopl"]
[Result "0-1"]
[WhiteElo "2329"]
[BlackElo "2542"]
[TimeControl "180+1"]
[EndTime "14:26:08 PDT"]
[Termination "kleopl won by resignation"]

1. e4 c5 2. Nf3 d6 3. d4 cxd4 4. Nxd4 Nf6 5. Nc3 a6 6. Bg5 e6 7. f4 Be7 8. Qf3 Qc7 9. O-O-O Nbd7 10. Bd3 b5 11. Rhe1 Bb7 12. Nd5 exd5 13. exd5 Kd8 14.
Nc6+ Bxc6 15. dxc6 Nc5 16. Bf5 h6 17. Bh4 Re8 18.
Bf2 Ne6 19. Bxe6 fxe6 20. Rxe6 Bf8 21. Re5 Rc8 22. g4 Qxc6 23. Qe2 Rxe5 24. fxe5 Nxg4 25. Bg3 Ne3 26. Rd3 Qxc2+ 27. Qxc2 Rxc2+ 28. Kb1 Re2 29.
exd6 Kd7 30. a3 Nc4 31. Rf3 Bxd6 32. Rf7+ Re7 33. Rxg7 Rxg7 0-1

[Event "Late-Titled-Tuesday-Blitz-September-12-2023"]
[Site "Chess.com"]
[Date "2023.09.12"]
[Round "3"]
[White "WilliamAlfaroCaracas"]
[Black "PabloZarnicki"]
[Result "0-1"]
[WhiteElo "2271"]
[BlackElo "2492"]
[TimeControl "180+1"]
[EndTime "14:26:21 PDT"]
[Termination "PabloZarnicki won on time"]

1. e4 e6 2. d4 d5 3. e5 c5 4. c3 Bd7 5. Nf3 Qb6 6. a3 cxd4 7. cxd4 Bb5 8. Bxb5+ Qxb5 9. Nc3 Qa6 10. Qe2 Qxe2+ 11. Kxe2 Nc6 12. Bd2 Nge7 13. Nb5 O-O-O 14. Nd6+ Rxd6 15.
exd6 Nf5 16. Ne5 Nfxd4+ 17. Kd3 Nxe5+ 18. Kxd4 Bxd6 19. f4 Nc6+ 20. Kd3 Kd7 21. g3 f6 22. Rhf1 h5 23. Bc3 a6 24. Rae1 b5 25. Re2 Re8 26. Rfe1 e5 27. fxe5 fxe5 28. Rf1 e4+ 29. Kc2 d4 30.
Bb4 d3+ 0-1

[Event "Late-Titled-Tuesday-Blitz-September-12-2023"]
[Site "Chess.com"]
[Date "2023.09.12"]
[Round "3"]
[White "MichalL9"]
[Black "zajka-molotok"]
[Result "0-1"]
[WhiteElo "2222"]
[BlackElo "2516"]
[TimeControl "180+1"]
[EndTime "14:26:23 PDT"]
[Termination "zajka-molotok won by resignation"]

1. Nf3 d5 2. c4 e6 3. cxd5 exd5 4. b3 Nf6 5. Bb2 Bd6 6. g3 c6 7. Bg2 Bg4 8. O-O O-O 9. d3 Nbd7 10. Nbd2 Re8 11.
Rc1 h6 12. Rc2 Qe7 13. Re1 Ne5 14. Qa1 a5 15. a3 Nfd7 16. h3 Bxf3 17. Nxf3 Nxf3+ 18. Bxf3 Be5 19. Kg2 Bxb2 20. Qxb2 Ne5 21. Rec1 Qe6 22.
b4 Nxf3 23. exf3 axb4 24. axb4 Qg6 25. b5 Qxd3 26. bxc6 bxc6 27. Rxc6 d4 28. Rc7 Ra3 29. Qb7 Ra2 30. Rxf7 Rxf2+ 31. Kh1 Rf1+ 0-1

[Event "Late-Titled-Tuesday-Blitz-September-12-2023"]
[Site "Chess.com"]
[Date "2023.09.12"]
[Round "3"]
[White "Aslanov_Umid"]
[Black "IMGC"]
[Result "0-1"]
[WhiteElo "2555"]
[BlackElo "2427"]
[TimeControl "180+1"]
[EndTime "14:26:25 PDT"]
[Termination "IMGC won by resignation"]

1. e4 b6 2. d4 Bb7 3. Nc3 e6 4. Nf3 Bb4 5. Bd3 c5 6. O-O cxd4 7.
Nxd4 a6 8. a3 Bc5 9. Be3 Qc7 10.
f4 Ne7 11. Kh1 Nbc6 12. Nxc6 Qxc6 13. Bxc5 bxc5 14. Qe2 d6 15. f5 O-O 16. f6 Ng6 17.
fxg7 Kxg7 18. Rf3 Qd7 19. Raf1 Qe7 20. Rh3 h6 21. Nd1 Ne5 22. Qh5 Rh8 23. Ne3 Rag8 24.
Ng4 Nxg4 25. Qxg4+ Kf8 26. Qh5 Rg5 27. Qh4 Kg7 28. Rhf3 Rf8 29. Rf6 Rh8 30. Qf2 Rf8 31. Qh4 Rh8 32. e5 Bxg2+ 33. Kg1 Bxf1+ 34. Kxf1 dxe5 0-1

[Event "Late-Titled-Tuesday-Blitz-September-12-2023"]
[Site "Chess.com"]
[Date "2023.09.12"]
[Round "3"]
[White "sofaceindisguise"]
[Black "Njal28"]
[Result "0-1"]
[WhiteElo "2788"]
[BlackElo "3122"]
[TimeControl "180+1"]
[EndTime "14:26:26 PDT"]
[Termination "Njal28 won by resignation"]

1. c4 Nf6 2. Nc3 e5 3. Nf3 Nc6 4. e3 Bb4 5. Nd5 e4 6. Nxb4 Nxb4 7. Nd4 c5 8. a3 Nd3+ 9. Bxd3 exd3 10. Nf5 d5 11.
Ng3 O-O 12. cxd5 Qxd5 13. O-O c4 14. b4 c3 15. dxc3 Qc4 16. e4 Nxe4 17. Nxe4 Qxe4 18. Be3 Bg4 19. Qd2 Be2 20. Rfc1 Rfe8 21. c4 Re6 22. Bf4 Rg6 23. Bg3 h5 24. h4 Re8 25. c5 Qd4 26.
Qf4 Re4 27. Qb8+ Kh7 28. Qc7 d2 29. Rd1 Bxd1 30. Rxd1 Re1+ 31. Kh2 Rxd1 32. Qxf7 Rh1+ 33. Kxh1 d1=Q+ 34. Kh2 Rxg3 35. Qxh5+ Qxh5 0-1

[Event "Late-Titled-Tuesday-Blitz-September-12-2023"]
[Site "Chess.com"]
[Date "2023.09.12"]
[Round "3"]
[White "Firouzja2003"]
[Black "KaydenTroffChess"]
[Result "1-0"]
[WhiteElo "3082"]
[BlackElo "2742"]
[TimeControl "180+1"]
[EndTime "14:26:26 PDT"]
[Termination "Firouzja2003 won by resignation"]

1. d4 Nf6 2. Bg5 d5 3. e3 Nbd7 4. c4 c6 5. Nc3 h6 6. Bh4 e6 7. cxd5 exd5 8. Bd3 Be7 9. Nge2 O-O 10. O-O Re8 11.
f3 Nf8 12. Bf2 c5 13. Rc1 b6 14. Kh1 a6 15. dxc5 bxc5 16. e4 d4 17. Na4 Ne6 18.
Bc4 Nd7 19. b4 cxb4 20. Bxe6 fxe6 21. Nxd4 Ne5 22. Bg3 Bf6 23. Bxe5 Bxe5 24. Nc6 Qc7 25. Nxb4 Qf7 26. Nc6 Bc7 27. Nc5 a5 28. e5 Ba6 29.
Nxa6 Rxa6 30. f4 Rb6 31. Nxa5 Ra6 32. Nc6 Rxa2 33. Qb3 Re2 34. Nd4 Rd2 35. Nb5 Bb6 36. Nd6 Qg6 37. Qg3 Qxg3 38. hxg3 Rf8 39. Rc6 Bf2 40. Ne4 Re2 41. Nxf2 g5 42. Ng4 gxf4 43. gxf4 Kg7 44. Rxe6 h5 45. Nf6 Kg6 46. f5+ Kg5 47. Nh7+ Kh4 48. Nxf8 Kg3 49. Rg6+ 1-0

[Event "Late-Titled-Tuesday-Blitz-September-12-2023"]
[Site "Chess.com"]
[Date "2023.09.12"]
[Round "3"]
[White "Levanzovsky"]
[Black "mbojan"]
[Result "0-1"]
[WhiteElo "2475"]
[BlackElo "2778"]
[TimeControl "180+1"]
[EndTime "14:26:26 PDT"]
[Termination "mbojan won on time"]

1. e4 c5 2. Nf3 e6 3. d4 cxd4 4.
Nxd4 a6 5. Nc3 b5 6. Bd3 Bb7 7.
O-O Nc6 8. Nxc6 Bxc6 9. Re1 Ne7 10. a4 b4 11. Na2 Ng6 12. Bd2 Qb8 13. c3 bxc3 14.
Bxc3 Bd6 15. g3 O-O 16. Nc1 Be5 17. Qd2 Rc8 18. Ne2 Bxc3 19. Nxc3 Qb4 20. a5 Ne5 21. Be2 Bb5 22. Red1 Rxc3 23. bxc3 Qxe4 24. Re1 Bc6 25. f3 Nxf3+ 26. Bxf3 Qxf3 27. Rad1 Qh1+ 28. Kf2 Qxh2+ 29.
Ke3 Qxg3+ 30. Kd4 Rc8 31. Rg1 Qh4+ 32. Ke3 Bb5 33. Qd4 Qh3+ 34. Kf2 Qf5+ 35. Ke3 g6 0-1

[Event "Late-Titled-Tuesday-Blitz-September-12-2023"]
[Site "Chess.com"]
[Date "2023.09.12"]
[Round "3"]
[White "MBA_CHESS_2021"]
[Black "Taran2004"]
[Result "0-1"]
[WhiteElo "2222"]
[BlackElo "2417"]
[TimeControl "180+1"]
[EndTime "14:26:26 PDT"]
[Termination "Taran2004 won on time"]

1. d4 Nf6 2. c4 c5 3. d5 b5 4. cxb5 a6 5. bxa6 d6 6. Nc3 g6 7. Nf3 Bg7 8. g3 O-O 9. e4 Qa5 10. Bd2 Bxa6 11. Bxa6 Qxa6 12. Qe2 Nbd7 13. Qxa6 Rxa6 14.
O-O-O Ng4 15. Rhf1 Rb8 16. a3 Nge5 17. Nxe5 Nxe5 18.
Kc2 Nc4 19. Bc1 Rab6 20. Na4 R6b7 21. f4 Nxb2 22. Bxb2 Bxb2 23. Rb1 Bxa3 24. Rxb7 Rxb7 25. e5 Rb4 26. Nc3 Rb2+ 27. Kd3 Bb4 28. exd6 exd6 29. Nb5 Rxh2 30. Nxd6 Rd2+ 31. Ke4 Kf8 32. f5 Ke7 33. fxg6 fxg6 34. Nc8+ Kd7 35. Nb6+ Kc7 36. Rf6 Bc3 37.
Rc6+ Kb7 38. Na4 Rd4+ 39. Ke5 Rxa4+ 40. Ke6 Ra6 41. Kd7 Be5 0-1

[Event "Late-Titled-Tuesday-Blitz-September-12-2023"]
[Site "Chess.com"]
[Date "2023.09.12"]
[Round "3"]
[White "ljm509"]
[Black "HalfIsCrayfish"]
[Result "0-1"]
[WhiteElo "2369"]
[BlackElo "2558"]
[TimeControl "180+1"]
[EndTime "14:26:27 PDT"]
[Termination "HalfIsCrayfish won on time"]

1. e4 c6 2. d4 d5 3. exd5 cxd5 4. c4 Nf6 5. Nc3 Nc6 6. Bg5 Ne4 7.
Nxe4 dxe4 8. d5 f6 9. Bd2 Nd4 10. Bc3 e5 11. dxe6 Nxe6 12. Qh5+ g6 13. Qe2 Nc5 14.
Qe3 Be7 15. h4 Bf5 16. Nh3 Na4 17. Bd4 Qa5+ 18. Kd1 O-O-O 19. Kc1 Rxd4 20. Qxd4 Rd8 21. Qe3 Qb4 22. Rb1 Bc5 23. Qe2 e3 24. fxe3 Bxb1 25. Kxb1 Rd2 26. Qg4+ Kd8 27. b3 Qc3 0-1

[Event "Late-Titled-Tuesday-Blitz-September-12-2023"]
[Site "Chess.com"]
[Date "2023.09.12"]
[Round "3"]
[White "PawnEatingZombie"]
[Black "LuisFSiles"]
[Result "1-0"]
[WhiteElo "2208"]
[BlackElo "2361"]
[TimeControl "180+1"]
[EndTime "14:26:27 PDT"]
[Termination "PawnEatingZombie won on time"]

1. e4 c5 2. c3 Nf6 3. e5 Nd5 4. d4 cxd4 5. cxd4 d6 6. Nf3 Nc6 7. Bb5 e6 8. O-O Be7 9. Nc3 Nxc3 10.
bxc3 O-O 11. exd6 Qxd6 12. Bd3 b6 13. Ng5 Bxg5 14. Bxg5 Bb7 15. Qh5 g6 16. Qh4 f5 17.
Bc4 Rae8 18. Rfe1 Na5 19. Bb5 Qd5 20. Bf1 Ba6 21. f3 Bxf1 22. Rxf1 e5 23. dxe5 Rxe5 24. Kh1 Re2 25. c4 Qxc4 26. Qh6 Rxa2 27. Rad1 Qe2 28.
Rg1 Qe6 29. h4 Re8 30. Rge1 1-0

[Event "Late-Titled-Tuesday-Blitz-September-12-2023"]
[Site "Chess.com"]
[Date "2023.09.12"]
[Round "3"]
[White "AlexanderL"]
[Black "cthulhuuu"]
[Result "1-0"]
[WhiteElo "2851"]
[BlackElo "2487"]
[TimeControl "180+1"]
[EndTime "14:26:28 PDT"]
[Termination "AlexanderL won by checkmate"]

1. Nf3 Nf6 2. b3 g6 3. Bb2 Bg7 4. g3 O-O 5. Bg2 d6 6. d4 Nbd7 7. O-O c6 8. c4 Re8 9. Nc3 e5 10. dxe5 dxe5 11. Nd2 e4 12. Qc2 e3 13. Nde4 Nxe4 14.
Nxe4 Bxb2 15. Qxb2 Qe7 16. f4 f5 17. Ng5 Nc5 18. Rad1 h6 19. Nf3 Be6 20. Ne5 Bf7 21. Qd4 Rad8 22. Qxe3 Rxd1 23. Rxd1 Nd7 24. Qxa7 Nxe5 25.
fxe5 Qxe5 26. Bf3 g5 27. Qd4 g4 28. Qxe5 Rxe5 29. Bg2 Rxe2 30. Rd8+ Kg7 31. Rd7 Rxa2 32.
Rxb7 Ra1+ 33. Bf1 Kf6 34. Rb6 Be8 35. Kf2 Ke5 36. Be2 Kd4 37. Rb8 Bf7 38. Rf8 Be6 39.
Rf6 Ke5 40. Rxh6 Rb1 41. Rh5 Kd4 42. h3 gxh3 43. Rxh3 Rxb3 44. Rh6 Bxc4 45. Rh4+ Ke5 46. Rxc4 Rb6 47. Rc5+ Kf6 48. Bd3 Kg5 49. Rxf5+ Kg4 50. Rc5 Rb2+ 51. Be2+ Kh3 52. Rh5# 1-0

[Event "Late-Titled-Tuesday-Blitz-September-12-2023"]
[Site "Chess.com"]
[Date "2023.09.12"]
[Round "3"]
[White "Mackster23"]
[Black "sergiochess83"]
[Result "0-1"]
[WhiteElo "2543"]
[BlackElo "2923"]
[TimeControl "180+1"]
[EndTime "14:26:29 PDT"]
[Termination "sergiochess83 won by resignation"]

1. e4 c5 2. Nf3 Nc6 3. d4 cxd4 4. Nxd4 Nf6 5. Nc3 e6 6. Ndb5 Bc5 7. Bf4 O-O 8. Bc7 Qe7 9. Bd6 Bxd6 10. Qxd6 Qd8 11.
Be2 Qb6 12. Qc7 Qc5 13. Qd6 b6 14. Qxc5 bxc5 15. Nd6 Rb8 16. O-O-O Nd4 17. Bc4 Ng4 18.
Rd2 Rb6 19. Ncb5 Ba6 20. Nxd4 Rxd6 21. Bxa6 Rxa6 22. Nb3 c4 23. Nc5 Rxa2 24. Kb1 Ra5 25.
Nxd7 Rc8 26. f3 Ne3 27. Re1 c3 28. bxc3 Nc4 29. Rd4 h5 30. Red1 Rc7 31. Rxc4 Rxc4 32. Rd4 Rxc3 33. Kb2 Re3 34. Rd2 Rb5+ 35. Ka2 Rc3 36.
f4 f6 0-1

[Event "Late-Titled-Tuesday-Blitz-September-12-2023"]
[Site "Chess.com"]
[Date "2023.09.12"]
[Round "3"]
[White "MagnusCarlsen"]
[Black "Kosak12"]
[Result "1-0"]
[WhiteElo "3218"]
[BlackElo "2793"]
[TimeControl "180+1"]
[EndTime "14:26:30 PDT"]
[Termination "MagnusCarlsen won by resignation"]

1. b3 Nf6 2. Bb2 g6 3. g3 Bg7 4. Bg2 O-O 5. Nf3 c5 6. c4 Nc6 7.
O-O d6 8. d4 Ne4 9. Nbd2 Bf5 10. Nh4 Nxd2 11. Qxd2 Nxd4 12. Nxf5 Nxf5 13. Bxg7 Kxg7 14.
Bxb7 Rb8 15. Bg2 a5 16. Rfd1 Nd4 17. e3 Ne6 18. h4 Qd7 19. Qxa5 Rb4 20. Qa3 Rfb8 21. Qb2+ Kg8 22. Qc3 Qa7 23. h5 gxh5 24. Rd5 Ng7 25. Bf3 R4b6 26. Kg2 Ra6 27. a4 Rab6 28.
Ra3 e6 29. Rg5 e5 30. a5 Rb4 31. Qd3 h6 32. Rxg7+ Kxg7 33. Qxd6 Rxb3 34. Rxb3 Rxb3 35.
Qxe5+ f6 36. Qxh5 Qxa5 37. Qg4+ Kf8 38. Bd5 Qb6 39. Qd7 1-0

[Event "Late-Titled-Tuesday-Blitz-September-12-2023"]
[Site "Chess.com"]
[Date "2023.09.12"]
[Round "3"]
[White "Nekoo04"]
[Black "wild3000"]
[Result "0-1"]
[WhiteElo "2256"]
[BlackElo "2419"]
[TimeControl "180+1"]
[EndTime "14:26:30 PDT"]
[Termination "wild3000 won on time"]

1. d4 d5 2. c4 e6 3. Nf3 Be7 4. g3 Nf6 5. Bg2 O-O 6. O-O dxc4 7. Qc2 b6 8. Nbd2 b5 9. a4 c6 10. axb5 cxb5 11. Ng5 Nc6 12. Bxc6 Rb8 13. Bg2 a6 14.
Ndf3 h6 15. Nh3 Nd5 16. Nf4 Nb4 17. Qd1 Bb7 18. Bd2 Nc6 19. Be3 Bf6 20. d5 exd5 21. Nxd5 Bxb2 22. Rb1 Ba3 23. Bb6 Qc8 24. Nd4 Ne5 25.
Bc7 Bxd5 26. Bxb8 Bxg2 27. Bxe5 Bxf1 28. Kxf1 Rd8 29. Qc2 Bc5 30. Nf5 f6 31. Bf4 Qd7 0-1

[Event "Late-Titled-Tuesday-Blitz-September-12-2023"]
[Site "Chess.com"]
[Date "2023.09.12"]
[Round "3"]
[White "Msb2"]
[Black "kingofthenil"]
[Result "1-0"]
[WhiteElo "3114"]
[BlackElo "2787"]
[TimeControl "180+1"]
[EndTime "14:26:36 PDT"]
[Termination "Msb2 won by resignation"]

1. d4 d5 2. c4 e6 3. Nc3 h6 4. Bf4 Nf6 5. e3 Bd6 6. Bxd6 Qxd6 7. cxd5 exd5 8. Bd3 O-O 9. Nge2 Re8 10. Qd2 a6 11. Rc1 Nbd7 12. O-O b6 13. Ng3 c5 14. b3 Bb7 15. Na4 cxd4 16. exd4 Ne4 17. Bxe4 dxe4 18. Nf5 Qg6 19. Rc7 Qxf5 20. Rxb7 b5 21.
Nc3 Rac8 22. h3 Nf6 23. Ra7 b4 24. Na4 Qg5 25. Qxg5 hxg5 26. Rxa6 Rc2 27. Nc5 Nd5 28.
Re1 e3 29. fxe3 Nxe3 30. Kh1 f5 31. Rg6 f4 32. Rxg5 Rxa2 33. Nd3 Rf8 34. Nxf4 Nc2 35.
Re4 Ra1+ 36. Kh2 Rd1 37. Ne6 Rf7 38. Reg4 Kh8 39. Rb5 Rd3 40. Rb8+ Kh7 41. Ng5+ Kg6 42. Nxf7+ 1-0